 Dungeon Crawl Stone Soup version 0.29.1-1-gd02db6906a (webtiles) character file.

Game seed: 2164606859506058952

300 Snarg the Shooter (level 6, -1/35 HPs)
             Began as a Kobold Arcane Marksman on Oct 4, 2022.
             Was a Believer of Sif Muna.
             Succumbed to a scorpion's poison
             ... on level 3 of the Dungeon.
             The game lasted 00:19:51 (4694 turns).

Snarg the Shooter (Kobold Arcane Marksman)          Turns: 4694, Time: 00:19:51

Health: -1/35      AC:  3    Str:  7    XL:     6   Next: 64%
Magic:  5/7        EV: 19    Int: 15    God:    Sif Muna [**....]
Gold:   125        SH:  0    Dex: 17    Spells: 6/7 levels left

rFire   + . .      SeeInvis .   b - +1 sling
rCold   . . .      Faith    .   (no shield)
rNeg    . . .      Spirit   .   c - +0 robe
rPois   .          Reflect  .   u - +0 helmet
rElec   .          Harm     .   (no cloak)
rCorr   .          Rampage  .   (no gloves)
Will    .....                   (no boots)
Stlth   ++++......              (no amulet)
HPRegen 0.11/turn               e - ring of protection from fire
MPRegen 0.10/turn               g - +4 ring of evasion

@: brilliant, lethally poisoned (-1 -> -7), attractive, flying, very slightly
contaminated
A: small, no large weapons, nightstalker 3
a: Renounce Religion, Channel Magic


You were on level 3 of the Dungeon.
You worshipped Sif Muna.
Sif Muna was pleased with you.
You visited 1 branch of the dungeon, and saw 4 of its levels.

You collected 195 gold pieces.
You spent 70 gold pieces at shops.

Inventory:

Hand Weapons
 a - a +0 dagger
 b - a +1 sling (weapon)
Missiles
 f - 32 stones
 n - a curare-tipped dart
 r - 3 boomerangs
 s - 6 poisoned darts
Armour
 c - a +0 robe (worn)
 o - a +0 leather armour
 u - a +0 helmet (worn)
Magical Staves
 k - a staff of poison
 m - a staff of conjuration
Jewellery
 e - a ring of protection from fire (left hand)
 g - a +4 ring of evasion (right hand)
 y - a ring of wizardry
 D - a ring of willpower
Wands
 t - a wand of roots (6)
Scrolls
 i - 2 scrolls of poison
 p - 2 scrolls of teleportation
 z - a scroll of noise {unknown}
 A - a scroll of immolation {unknown}
 B - a scroll of blinking {unknown}
 C - a scroll of fear {unknown}
Potions
 d - a potion of lignification {unknown}
 h - a potion of resistance
 j - a potion of berserk rage
 q - 2 potions of magic
 v - a potion of attraction
 x - 2 potions of might


   Skills:
 + Level 1.7 Fighting
 + Level 2.9 Short Blades
 + Level 4.6 Ranged Weapons
 * Level 0.7 Throwing
 + Level 3.0 Dodging
 + Level 3.8 Stealth
 - Level 1.1 Spellcasting
 + Level 4.4 Hexes


You had 6 spell levels left.
You knew the following spells:

 Your Spells              Type           Power      Damage    Failure   Level
a - Slow                  Hex            84%        N/A       4%          1

Your spell library contained the following spells:

 Spells                   Type           Power      Damage    Failure   Level
 Inner Flame              Hex/Fire       11%        N/A       30%         3
 Portal Projectile        Hex/Tloc       22%        N/A       30%         3
 Cause Fear               Hex            10%        N/A       36%         4


Dungeon Overview and Level Annotations

Branches:
Dungeon (4/15)
 Temple: D:4-7

Altars:
Sif Muna
Uskayaw

Shops:
D:3 !

Annotations:
D:1 clr
D:2 clr
D:3 clr


Innate Abilities, Weirdness & Mutations

You are small and have problems with some larger weapons.
You are completely attuned to the shadows.


Message History

The scorpion is moderately wounded.
Fire: b) +1 sling
Press: ? - help, Shift-Dir - straight line, f/p - scorpion
Aim: a scorpion (moderately wounded, slow, 60% to hit)
You shoot a sling bullet.
The sling bullet closely misses the scorpion.
The scorpion is no longer moving slowly.
Casting: Slow (safe; 4% risk of failure)
Confirm with . or Enter, or press ? or * to list all spells.
Aiming: Slow (safe; 4% risk of failure)
Press: ? - help, Shift-Dir - straight line, f/p - scorpion
Aim: a scorpion (moderately wounded, chance to affect: 53%)
You miscast Slow.
You are very lightly contaminated with residual magic.
Nothing appears to happen.
The scorpion stings you.
Casting: Slow (safe; 4% risk of failure)
Confirm with . or Enter, or press ? or * to list all spells.
Aiming: Slow (safe; 4% risk of failure)
Press: ? - help, Shift-Dir - straight line, f/p - scorpion
Aim: a scorpion (moderately wounded, chance to affect: 53%)
You miscast Slow.
Nothing appears to happen.
The scorpion stings you.
* * * LOW HITPOINT WARNING * * *
You are lethally poisoned!
The scorpion poisons you!
Unknown command.
Unknown command.
It was a potion of attraction.
You feel attractive to monsters.
* * * LOW HITPOINT WARNING * * *
You feel very sick. The scorpion misses you.
It was a potion of flight.
You feel very buoyant.
You fly up into the air.
* * * LOW HITPOINT WARNING * * *
You feel sick. The scorpion stings you.
* * * LOW HITPOINT WARNING * * *
It was a potion of brilliance.
You feel clever all of a sudden.
You die...

.###.............###
## ####.####...#...##
### #..# #######..#
..####.##### ##.#
...........# #####.##
.#########.# #...#..#
## #.# #......# #.##
#...#### ## #..#
#.@.# .#### ##.#
##s## ....# #.# #.#
....#######.####.#
....##.....[...#.#
.....#.........#.#
#..#...........#.##
..................##
.###...............##


You could see a scorpion.

Vanquished Creatures
  A hound (D:4)
  An orc priest (D:3)
  Terence (D:3)
  Natasha (thrice) (D:3)
  An orc wizard (D:3)
  Robin (D:2)
  An adder (D:3)
  A worm (D:3)
  5 dart slugs
  2 orcs (D:3)
  6 ball pythons
  6 endoplasms
  13 goblins
  13 hobgoblins
  2 jackals (D:1)
  3 quokkas
  4 bats
  2 frilled lizards
  4 kobolds
  8 rats
78 creatures vanquished.

Notes
Turn   | Place    | Note
-------+----------+-------------------------------------------
     0 | D:1      | Snarg the Kobold Arcane Marksman began the quest for the
                  | Orb.
     0 | D:1      | Reached XP level 1. HP: 12/12 MP: 2/2
   258 | D:1      | Reached XP level 2. HP: 13/16 MP: 0/3
   645 | D:1      | You fall into a shaft and drop 1 floor!
  1102 | D:1      | Reached XP level 3. HP: 14/20 MP: 0/4
  1336 | D:1      | Found a faded altar of an unknown god.
  1344 | D:1      | Prayed at the altar of an unknown god.
  1344 | D:1      | Became a worshipper of Sif Muna the Loreminder
  1344 | D:1      | Reached * piety under Sif Muna
  1973 | D:3      | Noticed Terence
  2054 | D:2      | Reached skill level 1 in Stealth
  2184 | D:2      | Noticed Robin
  2196 | D:2      | Killed Robin
  2197 | D:2      | Reached XP level 4. HP: 23/25 MP: 5/5
  3047 | D:3      | Found Enyateiv's Distillery.
  3053 | D:3      | Bought a potion of curing for 30 gold pieces
  3053 | D:3      | Bought a potion of might for 40 gold pieces
  3198 | D:3      | Reached skill level 1 in Short Blades
  3245 | D:3      | Reached ** piety under Sif Muna
  3394 | D:3      | Killed Terence
  3395 | D:3      | Reached XP level 5. HP: 29/29 MP: 4/6
  3482 | D:3      | Noticed Natasha
  3487 | D:3      | Killed Natasha
  3571 | D:3      | Reached XP level 6. HP: 5/34 MP: 4/7
  3868 | D:3      | Noticed Natasha
  3872 | D:3      | Killed Natasha
  4117 | D:3      | Noticed Natasha
  4131 | D:3      | Killed Natasha
  4366 | D:3      | Found a hide-covered altar of Uskayaw.
  4693 | D:3      | HP: 1/35 [scorpion (5)]
  4694 | D:3      | Succumbed to a scorpion's poison

Illustrated notes

Levels and vault maps discovered:
D:1:      enne_arrival_octagon_isle, layout_loops_ring,
          shapermc_ecumenical_altar_petra, minmay_split_cup_small
D:2:      layout_basic, uniq_robin
D:3:      layout_rooms, lemuel_coloured_pillars_altar, serial_shops, shop,
          uniq_natasha, uniq_terence
D:4:      old_forge, layout_loops_ring, general_overflow_altar,
          worldfamousw_hep_ancestral_shrine, mainiacjoe_overflow_alcove_1,
          zin_statuary, kennysheep_mini, mainiacjoe_overflow_boulevard,
          chequers_temple_overflow_statue_of_worship, minmay_bent

Skill      XL: |  1  2  3  4  5  6 |
---------------+-------------------+-----
Ranged Weapons | 3 4 |  4.6
Stealth        | 1 2 3 |  3.8
Short Blades   | 1 2 |  2.9
Hexes          | 4 |  4.4
Dodging        | 3 |  3.0
Fighting       | |  1.7
Throwing       | |  0.7
Spellcasting   | |  1.1

Action                   |  1- 3 |  4- 6 || total
-------------------------+-------+-------++-------
Melee: Dagger            |    42 |   150 ||   192
       Punch             |       |     4 ||     4
 Fire: Sling             |    63 |    54 ||   117
Throw: Dart              |     1 |     6 ||     7
 Cast: Slow              |    38 |    57 ||    95
Evoke: Wand              |       |     3 ||     3
  Use: Scroll            |     2 |     2 ||     4
       Potion            |       |     5 ||     5
 Stab: Sleeping          |     2 |     7 ||     9
Armor: Robe              |     6 |    15 ||    21
Dodge: Dodged            |    63 |   128 ||   191
